 Dungeon Crawl Stone Soup version 0.25.1-2-g60ff931 (webtiles) character file.

Game seed: 11838096659748893245

240 curiousnu the Cutter (level 5, -1/42 HPs)
             Began as a Demonspawn Berserker on Sept 15, 2020.
             Was a Priest of Trog.
             Killed by nerve-wracking pain
             ... invoked by Menkaure
              (13 damage)
             ... on level 4 of the Dungeon.
             The game lasted 00:11:04 (3678 turns).

curiousnu the Cutter (Demonspawn Berserker)         Turns: 3678, Time: 00:11:05

Health: -1/42      AC:  5    Str: 17 (19) XL:     5   Next: 80%
Magic:  5/5        EV: 15    Int:  7 (8)  God:    Trog [***...]
Gold:   163        SH:  0    Dex: 11 (12) Spells: 4/4 levels left

rFire    . . .     SeeInvis .   u - +0 rapier
rCold    . . .     Gourm    .   (no shield)
rNeg     . . .     Faith    .   p - +0 ring mail
rPois    .         Spirit   .   (no helmet)
rElec    .         Reflect  .   (no cloak)
rCorr    .         Harm     .   (no gloves)
MR       .....                  (no boots)
Stlth    +.........             (no amulet)
HPRegen  0.14/turn              g - +4 ring of evasion
MPRegen  0.09/turn              (no ring)

@: very slightly contaminated
A: powered by death 1, rot immunity
a: Berserk, Trog's Hand, Renounce Religion


You were on level 4 of the Dungeon.
You worshipped Trog.
Trog was most pleased with you.
You were not hungry.

You visited 1 branch of the dungeon, and saw 4 of its levels.

You collected 163 gold pieces.

Inventory:

Hand Weapons
 a - a +1 short sword
 n - a +2 spear of distortion
 u - a +0 rapier (weapon)
Missiles
 k - 17 poisoned darts (quivered)
 s - 5 boomerangs
Armour
 b - a +0 animal skin
 i - a +0 leather armour
 p - a +0 ring mail (worn)
Jewellery
 g - a +4 ring of evasion (left hand)
 j - a cursed -4 ring of evasion
 q - an uncursed ring of magical power
Scrolls
 e - a scroll of immolation
 h - 2 scrolls of identify
 l - 5 scrolls of remove curse
Potions
 f - 2 potions of might
 t - a potion of curing
Comestibles
 c - 7 rations


   Skills:
 + Level 3.8 Fighting
 + Level 4.2 Short Blades
 * Level 3.3 Armour
 + Level 2.7 Dodging


You had 4 spell levels left.
You didn't know any spells.
Your spell library was empty.

Dungeon Overview and Level Annotations

Branches:
Dungeon (4/15)
 Temple: D:4-7

Altars:
Makhleb
Sif Muna

Annotations:
D:4 Menkaure


Innate Abilities, Weirdness & Mutations

You regenerate a little health from kills.
You are immune to rotting.


Message History

You hit Menkaure but do no damage.
Menkaure is lightly damaged.
Menkaure mumbles some strange words.
Menkaure seems to speed up.
You hit Menkaure.
Menkaure is lightly damaged.
Menkaure hits you!
You hit Menkaure.
Menkaure is moderately damaged.
Menkaure misses you.
You hit Menkaure but do no damage.
Menkaure is moderately damaged.
Menkaure calls on the powers of darkness!
Your body is wracked with pain!
* * * LOW HITPOINT WARNING * * *
Your ring mail prevents you from hitting Menkaure.
Menkaure is moderately damaged.
Menkaure points at you and mumbles some strange words.
Pain shoots through your body!
You die...

##
#######
## #
.##.....#
.. ##.
.#.....##
.#..(
#.......#
.#.##.#
.......#
......#
.....
<.....#
#M.#
...####
#@# #...#
#.#.###.#
.#.#
#...<...#
...(#
###.#####
#.#.# #.#
(. . #.#
.#.## #.#
... ...


You could see Menkaure (fast).

Vanquished Creatures
  2 orc wizards (D:3)
  Jessica (D:3)
  7 adders
  An ooze (D:3)
  A worm (D:2)
  2 dart slugs
  5 leopard geckos
  3 orcs (D:3)
  A ball python (D:1)
  3 giant cockroaches
  6 goblins
  6 hobgoblins
  4 jackals (D:3)
  A quokka (D:4)
  12 bats
  6 frilled lizards
  8 kobolds
  10 rats
79 creatures vanquished.

Notes
Turn   | Place    | Note
-------+----------+-------------------------------------------
     0 | D:1      | curiousnu the Demonspawn Berserker began the quest for the
                  | Orb.
     0 | D:1      | Reached XP level 1. HP: 18/18 MP: 1/1
   423 | D:1      | Gained mutation: You are immune to rotting. [demonic
                  | ancestry]
   423 | D:1      | Reached XP level 2. HP: 24/24 MP: 2/2
   531 | D:1      | Reached skill level 3 in Short Blades
   910 | D:1      | Gained mutation: You regenerate a little health from kills.
                  | [demonic ancestry]
   910 | D:1      | Reached XP level 3. HP: 29/29 MP: 3/3
  1889 | D:2      | Reached ** piety under Trog
  1946 | D:2      | Reached XP level 4. HP: 22/35 MP: 4/4
  2746 | D:3      | Noticed Jessica
  2753 | D:3      | Found a shimmering blue altar of Sif Muna.
  2775 | D:3      | Killed Jessica
  2775 | D:3      | Reached XP level 5. HP: 22/42 MP: 5/5
  3005 | D:3      | Reached skill level 4 in Short Blades
  3065 | D:3      | Found a burning altar of Makhleb.
  3108 | D:4      | Noticed Menkaure
  3487 | D:3      | Reached *** piety under Trog
  3678 | D:4      | Killed from afar by Menkaure

Illustrated notes

Levels and vault maps discovered:
D:1:      dpeg_arrival_court, layout_basic
D:2:      layout_loops_ring, first_ration
D:3:      layout_loops_cross, marbit_many_paths, hangedman_decor_lopped,
          hex_large, tgw_sif
D:4:      layout_loops_cross, minmay_temple_entry_antechambers, uniq_eustachio,
          uniq_menkaure

Skill      XL: |  1  2  3  4  5 |
---------------+----------------+-----
Short Blades   | 3 4 |  4.2
Armour         | 2 3 |  3.3
Dodging        | 2 |  2.7
Fighting       | |  3.8

Action                   |  1- 3 |  4- 6 || total
-------------------------+-------+-------++-------
Melee: Short sword       |   143 |   113 ||   256
       Rapier            |       |    50 ||    50
Invok: Berserk           |     1 |     1 ||     2
  Use: Scroll            |       |     7 ||     7
       Potion            |       |     3 ||     3
  Eat: Chunk             |     4 |     7 ||    11
Armor: Animal skin       |    10 |       ||    10
       Leather armour    |    34 |     2 ||    36
       Ring mail         |       |    33 ||    33
Dodge: Dodged            |   146 |   106 ||   252
